 Dungeon Crawl Stone Soup version 0.18-b1-22-ge198996 (webtiles) character file.

49 graki42 the Conjurer (level 3, -5/19 HPs)
             Began as a Deep Elf Conjurer on May 5, 2016.
             Slain by a goblin
             ... wielding a +2 dagger of distortion
              (23 damage)
             ... on level 2 of the Dungeon.
             The game lasted 00:02:41 (775 turns).

graki42 the Conjurer (Deep Elf Conjurer)             Turns: 775, Time: 00:02:42

Health: -5/19      AC:  3    Str:  6    XL:     3   Next: 51%
Magic:  0/10       EV: 13    Int: 19    God:
Gold:   76         SH:  0    Dex: 15    Spells: 3 memorised, 3 levels left

rFire  . . .     SeeInvis .     d - +0 dagger
rCold  . . .     Gourm    .     a - +0 robe
rNeg   . . .     Faith    .     (no shield)
rPois  .         Spirit   .     g - +0 helmet
rElec  .         Dismiss  .     (no cloak)
rCorr  .         Reflect  .     (no gloves)
SustAt .         Harm     .     (no boots)
MR     .....                    (no amulet)
Stlth  ++........               (no ring)
                                (no ring)

@: not resistant to hostile enchantments, unstealthy
A: no striking features
a: no special abilities


You were on level 2 of the Dungeon.
You were not hungry.

You visited 1 branch of the dungeon, and saw 2 of its levels.

You collected 76 gold pieces.

Inventory:

Hand Weapons
 d - a +0 dagger (weapon)
Armour
 a - a +0 robe (worn)
 g - a +0 helmet (worn)
Jewellery
 e - a +2 ring of strength {unknown}
Wands
 n - a wand of slowing (22/48)
Scrolls
 i - 2 scrolls of random uselessness {unknown}
 j - a scroll of identify {unknown}
 k - 3 scrolls of remove curse {unknown}
Potions
 f - a potion of might {unknown}
Books
 b - a book of Conjurations

   Spells                             Type                      Level
   a - Magic Dart                     Conjuration                  1
   b - Searing Ray                    Conjuration                  2
   c - Dazzling Spray                 Conjuration/Hexes            3
   d - Fulminant Prism                Conjuration/Hexes            4
   e - Iskenderun's Mystic Blast      Conjuration                  4
   f - Iskenderun's Battlesphere      Conjuration/Charms           5
Comestibles
 c - a bread ration
 h - a meat ration
 l - a royal jelly
 m - 4 fruits
 o - a beef jerky


   Skills:
 + Level 2.7 Dodging
 + Level 2.5 Stealth
 + Level 3.8 Spellcasting
 + Level 5.3 Conjurations


You had 3 spell levels left.
You knew the following spells:

 Your Spells              Type           Power        Failure   Level  Hunger
a - Magic Dart            Conj           ###.         1%          1    None
b - Searing Ray           Conj           ###...       2%          2    ##.....
c - Dazzling Spray        Conj/Hex       ##......     14%         3    ###....


Dungeon Overview and Level Annotations

Branches:
Dungeon (2/15)

Altars:


Message History

The adder barely misses you. x2
You hit the adder.
You kill the adder!
You see here an adder corpse.
Casting: Magic Dart
Confirm with . or Enter, or press ? or * to list all spells.
Aiming: Magic Dart
Press: ? - help, Shift-Dir - straight line, f - goblin
Aim: a goblin, wielding a dagger of distortion The magic dart hits the goblin.
The goblin is severely wounded.
You barely miss the goblin.
The goblin is severely wounded.
The goblin closely misses you.
You miss the goblin.
The goblin is severely wounded.
The goblin hits you with a dagger of distortion.
Space warps horribly around you!
Ouch! That really hurt!
You die...

#.......###[#
#...##.#
#......###### .
###.........##..
#.............
#....>....##..
##......[.....
#g....#####..
#@#...## #......# ..
#.#.....#
#.########.#.###....
.............#####.
................ #
#..........<..##
#..........##...
#..........# ###


You could see a goblin.

Vanquished Creatures
  2 adders (D:2)
  A dart slug (D:1)
  A giant gecko (D:1)
  2 ball pythons (D:1)
  3 bats (D:1)
  A giant cockroach (D:1)
  A hobgoblin (D:1)
  2 giant newts (D:1)
  5 goblins
  4 kobolds
  5 rats (D:1)
27 creatures vanquished.

Notes
Turn   | Place    | Note
--------------------------------------------------------------
     0 | D:1      | graki42 the Deep Elf Conjurer began the quest for the Orb.
     0 | D:1      | Reached XP level 1. HP: 10/10 MP: 6/6
   314 | D:1      | Reached XP level 2. HP: 15/15 MP: 5/8
   319 | D:1      | Learned a level 2 spell: Searing Ray
   507 | D:1      | Reached skill level 5 in Conjurations
   733 | D:2      | Reached XP level 3. HP: 19/19 MP: 5/10
   738 | D:2      | Learned a level 3 spell: Dazzling Spray
   775 | D:2      | Slain by a goblin

Skill      XL: |  1  2 |
---------------+-------+-----
Conjurations   | 5 |  5.3
Dodging        | |  2.7
Stealth        | |  2.5
Spellcasting   | |  3.8

Action                   || total
-------------------------++-------
Melee: Dagger            ||     9
 Cast: Magic Dart        ||    45
       Searing Ray       ||     1
Armor: Robe              ||     4
Dodge: Dodged            ||    13
